AoeStats
← avatar

Arabian Desert

510211036Analyzed
1v1 RM · 1d ago on Sep 30, 2026· 48m 46s· 2 players
Game mode
Random Map
Map size
Tiny (2 player)
Population
200
Speed
Normal
Resources
Standard
Victory
Conquest
Starting age
Dark Age
Ending age
Imperial Age
RankedLock teamsTeams togetherTeam positionsShared explorationLock speedFull tech treeHidden civsTurbo modeCheats
Victory
Defeat
🇺🇸 Spanish · United States
934
+16
🇨🇱 Mapuche · Chile
927
-16
avatar
7:40 Loom
10:08 Feudal Age
10:55 Horse Collar
11:04 Double-Bit Axe
21:27 Castle Age
20:05 Fletching
20:19 Padded Archer Armor
21:08 Gold Mining
21:50 Elite Skirmisher
22:41 Bow Saw
22:32 Heavy Plow
24:29 Ballistics
31:04 Leather Archer Armor
30:40 Fletching
34:01 Stone Mining
41:19 Imperial Age
38:35 Town Watch
39:23 Bodkin Arrow
44:46 Elite Bolas Rider
46:27 Crop Rotation
cambrolove
10:37 Loom
14:00 Feudal Age
17:33 Castle Age
15:43 Double-Bit Axe
15:54 Horse Collar
38:30 Imperial Age
37:10 Heavy Plow
39:34 Conscription
39:28 Elite Conquistador
39:42 Pikeman
41:30 Chemistry
40:31 Elite Skirmisher
43:09 Wheelbarrow
44:16 Hand Cart
Connection lost

Rejoining the realm…

Still unreachable

The connection could not be restored.

Session expired

The server has moved on; the page needs a fresh start.